 Dungeon Crawl Stone Soup version 0.21-b1-23-g1fb0a74 (webtiles) character file.

63117 Charmandara the Marksnaga (level 15, -17/124 HPs)
             Began as a Naga Berserker on Jan 5, 2018.
             Was a High Priest of Trog.
             Demolished by a death yak (45 damage)
             ... on level 6 of the Lair of Beasts.
             The game lasted 00:42:06 (16983 turns).

Charmandara the Marksnaga (Naga Berserker)         Turns: 16983, Time: 00:42:07

Health: -17/124    AC: 36    Str: 28    XL:     15   Next: 8%
Magic:  19/19      EV: 10    Int: 16    God:    Trog [*****.]
Gold:   933        SH:  0    Dex: 17    Spells: 14/14 levels left

rFire    . . .     SeeInvis +   a - +1 war axe (elec)
rCold    . . .     Gourm    .   (no shield)
rNeg     + . .     Faith    .   P - +1 plate armour {rN+}
rPois    +         Spirit   .   E - +2 hat
rElec    .         Reflect  .   q - +4 cloak of Inevitability {rCorr Int+4 Stlth+}
rCorr    +         Harm     +   v - +1 pair of gloves
MR       +....                  K - +3 naga barding of Calculation {+Inv rCorr Str+3 Int+4}
Stlth    ..........             o - amulet "Forget-Me-Not" {Harm *Drain Dex+4}
HPRegen  0.30/turn              g - +2 ring of evasion
MPRegen  0.16/turn              Q - +4 ring of evasion

@: about to teleport, sleeping, marked, frozen, very slow
A: large, slimy green scales 1, see invisible, agile 1, deformed body, frail 1,
poison resistance, shaggy fur 1, slowness 2, slow metabolism 1, spit poison 2,
constrict 1, AC +5
a: Breathe Poison Gas, Berserk, Trog's Hand, Brothers in Arms, Burn Spellbooks,
Renounce Religion, Evoke Invisibility


You were on level 6 of the Lair of Beasts.
You worshipped Trog.
Trog was extremely pleased with you.
You were not hungry.

You visited 2 branches of the dungeon, and saw 16 of its levels.
You also visited: Labyrinth and Bailey.

You collected 1026 gold pieces.
You spent 93 gold pieces at shops.

Inventory:

Hand Weapons
 a - a +1 war axe of electrocution (weapon)
   (Trog gifted it to you in a bailey)
 b - the +8 storm bow {elec}
   (You found it on level 6 of the Dungeon)

   It charges the ammunition it shoots with electricity; occasionally upon a
   hit, such missiles may discharge and cause terrible harm.
 i - a +1 battleaxe of venom
   (You took it off a death knight on level 7 of the Dungeon)
Missiles
 h - 294 arrows
 D - 2 throwing nets {=f, !d}
Armour
 q - the +4 cloak of Inevitability (worn) {rCorr Int+4 Stlth+}
   (You acquired it on level 5 of the Lair of Beasts)

   It affects your intelligence (+4).
   It protects you from acid and corrosion.
   It makes you more stealthy.
 v - a +1 pair of gloves (worn)
   (You found it on level 4 of the Lair of Beasts)
 E - a +2 hat (worn)
   (You found it on level 7 of the Dungeon)
 K - the +3 naga barding of Calculation (worn) {+Inv rCorr Str+3 Int+4}
   (You acquired it on level 1 of the Lair of Beasts)

   It affects your strength (+3).
   It affects your intelligence (+4).
   It lets you turn invisible.
   It protects you from acid and corrosion.
 P - a +1 plate armour of positive energy (worn)
   (You took it off an orc warlord in a bailey)
 U - a +0 naga barding of fire resistance
   (You acquired it on level 1 of the Lair of Beasts)
 Y - the +1 cloak of Kiun Fiq {rN+ Stlth+}
   (You found it in a labyrinth)

   It protects you from negative energy.
   It makes you more stealthy.
Jewellery
 e - an uncursed ring of flight {+Fly, !d}
   (You found it on level 3 of the Lair of Beasts)
 g - a +2 ring of evasion (left hand)
   (You took it off a goblin in a bailey)
 o - the amulet "Forget-Me-Not" (around neck) {Harm *Drain Dex+4}
   (You found it on level 5 of the Lair of Beasts)

   [amulet of harm]

   It increases damage dealt and taken.
   It affects your dexterity (+4).
   It causes draining when unequipped.
 u - an uncursed ring of stealth {Stlth+}
   (You found it on level 9 of the Dungeon)
 w - an uncursed amulet of regeneration {@e1+regen, !d}
   (You found it on level 7 of the Dungeon)
 G - the amulet of Qennicis {rPois Regen+}
   (You found it on level 6 of the Dungeon)

   [amulet of regeneration]

   It protects you from poison.
   It increases your rate of regeneration.
 Q - a +4 ring of evasion (right hand)
   (You found it on level 1 of the Lair of Beasts)
Wands
 k - a wand of iceblast (25)
   (You found it on level 9 of the Dungeon)
 y - a wand of clouds (8)
   (You found it on level 5 of the Lair of Beasts)
 C - a wand of acid (16)
   (You took it off an orc priest on level 9 of the Dungeon)
 H - a wand of flame (52)
   (You found it on level 6 of the Dungeon)
 R - a wand of random effects (52)
   (You found it on level 10 of the Dungeon)
 Z - a wand of digging (10)
   (You found it in a labyrinth)
Scrolls
 f - 8 scrolls of remove curse
 l - 4 scrolls of blinking {!r}
 m - 3 scrolls of teleportation
 s - 4 scrolls of enchant armour
 J - 2 scrolls of enchant weapon
 N - 5 scrolls of identify
 T - 3 scrolls of fog
Potions
 d - a potion of flight
 n - 5 potions of brilliance
 p - a potion of ambrosia
 r - 3 potions of cancellation
 t - 6 potions of heal wounds
 x - 3 potions of berserk rage {!q}
 z - 3 potions of agility
 A - 7 potions of curing
 L - 5 potions of haste
 O - 2 potions of resistance
Miscellaneous
 j - a lamp of fire
   (You found it on level 3 of the Lair of Beasts)
 S - a lightning rod (4/4)
   (You found it on level 10 of the Dungeon)
Comestibles
 c - 20 rations {@e1}
 B - 3 chunks of flesh {@w0}


   Skills:
 - Level 9.7 Fighting
 + Level 12.5 Axes
 + Level 15.4 Bows
 - Level 8.4 Armour
 - Level 1.5 Dodging
 * Level 5.5 Evocations


You had 14 spell levels left.
You didn't know any spells.

Dungeon Overview and Level Annotations

Branches:
Dungeon (10/15)            Temple (0/1) D:5            Lair (6/6) D:10
  Swamp (0/4) Lair:4        Snake (0/4) Lair:4
  Slime: Lair:5-6       Orc: D:9-12

Altars:
Ashenzari
Dithmenos
Elyvilon
Fedhas
Gozag
Makhleb
Nemelex Xobeh
Uskayaw
Vehumet
Wu Jian
Xom
The Shining One

Shops:
D:8 *


Innate Abilities, Weirdness & Mutations

You cannot wear boots.
Your serpentine skin is tough. (AC +5)
You have supernaturally acute eyesight. (SInv)
Armour fits poorly on your strangely shaped body.
Your system is resistant to poisons. (rPois)
You cover ground very slowly.
You have a slow metabolism.
You can exhale a cloud of poison.
You can use your snake-like lower body to constrict enemies.
You are partially covered in slimy green scales. (AC +2)
You are agile. (Dex +2)
You are frail. (-10% HP)
You are covered in fur. (AC +1)


Message History

The water moccasin barely misses you.
The spiny frog stings you but does no damage.
The blink frog hits you but does no damage.
The blink frog closely misses you.
The dream sheep shake their wool and sparkle.
You feel drowsy...
You fall asleep.
You lose your grip on the spiny frog.
The blink frog blinks!
The blink frog closely misses you.
The blink frog blinks!
The spiny frog stings you but does no damage.
The blink frog closely misses you. The water moccasin barely misses you.
The water moccasin bites you.
You wake up.
A dire elephant and a dream sheep come into view.
You take 4 damage, and have 85/124 hp.
As you read the scroll of teleportation, it crumbles to dust.
You feel strangely unstable.
The blink frog blinks!
The blink frog barely misses you. The spiny frog closely misses you.
The water moccasin closely misses you.
The water moccasin bites you but does no damage.
The blink frog hits you but does no damage.
The blink frog barely misses you.
The blink frog blinks!
The death yak gores you but does no damage.
The spiny frog misses you.
A komodo dragon comes into view.
Unknown command.
Unknown command.
You closely miss the spiny frog. Your grab misses the spiny frog.
You slash the death yak!
Lightning courses through the death yak!
You slash the water moccasin!
Lightning courses through the water moccasin!
You kill the water moccasin!
Trog accepts your kill.
You closely miss the blink frog. You slice the water moccasin!!
You kill the water moccasin!
Trog accepts your kill.
You miss the blink frog.
The blink frog hits you but does no damage.
The dire elephant moves out of view.
The blink frog closely misses you. The spiny frog barely misses you.
The wyvern bites you.
You take 6 damage, and have 80/124 hp.
Unknown command.
Unknown command.
You slash the spiny frog! You grab the spiny frog.
You hit the blink frog but do no damage.
Lightning courses through the blink frog!
You hit the wyvern but do no damage. You completely miss the blink frog.
You slash the death yak!
Lightning courses through the death yak!
You hit the death yak. You constrict the spiny frog.
You kill the spiny frog!
Trog accepts your kill. The death yak gores you! The blink frog misses you.
The blink frog hits you but does no damage.
The wyvern bites you but does no damage.
The blink frog blinks!
A komodo dragon, a hell hound and a dream sheep come into view.
You take 13 damage, and have 67/124 hp.
MP restored: 19 Unknown command.
Unknown command.
Your plate armour prevents you from hitting the rime drake.
Your grab misses the rime drake.
Your plate armour prevents you from hitting the blink frog.
You barely miss the wyvern.
Your plate armour prevents you from hitting the blink frog.
You slash the death yak!
Lightning courses through the death yak!
Your plate armour prevents you from hitting the death yak.
You slash the death yak!
Lightning courses through the death yak!
The blink frog hits you!
The blink frog hits you but does no damage.
The rime drake bites you.
The dream sheep moves out of view.
The death yak gores you but does no damage.
The wyvern bites you but does no damage.
The death yak gores you! The blink frog barely misses you.
The blink frog hits you but does no damage.
The death yak gores you but does no damage.
A crocodile and a spiny frog come into view.
You take 19 damage, and have 48/124 hp.
Unknown command.
Unknown command.
Unknown command.
You slash the rime drake! You grab the rime drake.
Your plate armour prevents you from hitting the blink frog.
You slice the wyvern!! You slash the blink frog! You hit the death yak.
You hit the death yak but do no damage. You hit the death yak.
You constrict the rime drake!
The wyvern bites you but does no damage.
The rime drake breathes ice at you. The flash freeze hits you!
You are encased in ice.
The death yak gores you!!
* * * LOW HITPOINT WARNING * * *
The blink frog blinks!
The dream sheep are wreathed in dream dust.
You feel drowsy...
You fall asleep.
You lose your grip on the rime drake.
The death yak gores you!!!
You die... ..# tS#

##. Y.# #..
###Fh# #.. #?Y.l#
..####P.###.F.#
...PP.##...#tl.##
#......l....FlF.#
.
#..........§k@Y##
..
#........#.##YY#
..#
#........####l#
...##........# Y#
..#.#........# Y(
..##.≈.†.....##
.(#
P..#...<......#
..#
...#.........##
...
#..............


You could see a dire elephant, 3 death yaks, 4 komodo dragons, a spiny frog, 3
blink frogs, a rime drake, a water moccasin, a hell hound, 2 crocodiles, a
wyvern and 3 dream sheep.

Vanquished Creatures
  Gastronok (Lair:3)
  An orc warlord (Bailey)
  A minotaur (Lab)
  6 hydras
  A death knight (D:7)
  A two-headed ogre (D:9)
  The ghost of pomescollege the Cleaver, a novice DDFi of Makhleb (D:9)
  Sonja (Lair:3)
  An unseen horror (D:10)
  An orc knight (Bailey)
  The ghost of Buffagor the Cleaver, a novice MiBe of Trog (D:5)
  Pikel (D:5)
  3 oklob plants (Lair:2)
  A manticore (Lair:4)
  3 slime creatures (D:9)
  Joseph (D:10)
  3 elephants (Lair:2)
  3 black mambas
  8 spiny frogs
  3 komodo dragons
  8 rime drakes
  A merfolk (D:9)
  2 trolls
  A polar bear (Lair:4)
  Grinder (D:5)
  2 hornets
  5 blink frogs (Lair:4)
  18 hippogriffs
  6 spriggans (Lair:1)
  10 wyverns
  16 yaks
  10 basilisks
  Grum (D:8)
  2 hungry ghosts
  A steam dragon (Lair:3)
  Eustachio (D:5)
  Edmund (D:4)
  2 nagas (Lair:4)
  10 porcupines
  11 water moccasins
  14 orc warriors (Bailey)
  An ice beast (D:7)
  3 phantoms
  4 black bears
  4 ogres
  A slave (D:5)
  3 sky beasts
  A necrophage (D:7)
  9 centaurs
  19 wolves
  13 crocodiles
  2 big kobolds
  16 bullfrogs
  3 scorpions
  A spriggan skeleton (Lab)
  A troll skeleton (Lab)
  A vampire bat (Lair:2)
  A howler monkey (D:2)
  2 electric eels
  A quasit (D:6)
  A centaur zombie (D:10)
  A bullfrog zombie (D:9)
  5 crimson imps
  3 hounds
  4 jellies
  5 orc priests
  4 orc wizards
  3 centaur skeletons
  2 bullfrog skeletons
  5 iguanas
  5 worker ants
  A hound skeleton (D:5)
  7 gnolls (Bailey)
  A howler monkey skeleton (D:4)
  9 adders
  4 shadow imps
  2 oozes
  2 adder zombies
  An adder skeleton (D:7)
  3 dart slugs (D:1)
  4 worms
  9 leopard geckos
  39 orcs
  2 giant cockroaches (D:1)
  26 goblins
  22 hobgoblins
  8 jackals
  20 kobolds
  6 quokkas
  2 ball pythons
  18 bats
  A frilled lizard (D:3)
  8 rats
  A fungus (Lair:1)
  2 plants
487 creatures vanquished.

Vanquished Creatures (others)
  A bush (Lair:1)
  4 fungi
  4 plants (Lair:1)
9 creatures vanquished.

Grand Total: 496 creatures vanquished

Notes
Turn   | Place    | Note
-------+----------+-------------------------------------------
     0 | D:1      | Charmandara the Naga Berserker began the quest for the Orb.
     0 | D:1      | Reached XP level 1. HP: 21/21 MP: 1/1
    14 | D:1      | HP: 5/21 [kobold/short sword (7)]
   339 | D:1      | Reached XP level 2. HP: 23/28 MP: 2/2
   360 | D:1      | HP: 6/28 [dart slug/slug dart (6)]
   681 | D:1      | Reached skill level 4 in Axes
   785 | D:1      | Reached XP level 3. HP: 33/34 MP: 3/3
  1266 | D:2      | Found a faded altar of an unknown god.
  1907 | D:2      | Reached ** piety under Trog
  2049 | D:2      | Reached skill level 5 in Axes
  2049 | D:2      | Reached XP level 4. HP: 32/42 MP: 4/4
  2293 | D:2      | Found an ornate altar of the Wu Jian Council.
  2304 | D:2      | Reached XP level 5. HP: 45/49 MP: 5/5
  2990 | D:3      | Reached skill level 6 in Axes
  3511 | D:4      | Noticed Edmund
  3515 | D:4      | HP: 17/73 [orc wizard/dagger of venom (2)]
  3516 | D:4      | Reached XP level 6. HP: 20/56 MP: 6/6
  3521 | D:4      | Gained mutation: Your magical capacity is low. (-10% MP) [potion of mutation]
  3521 | D:4      | Gained mutation: You are partially covered in slimy green scales. (AC +2) [potion of mutation]
  3521 | D:4      | Gained mutation: You have sharp fingernails. [potion of mutation]
  3525 | D:4      | Lost mutation: Your magical capacity is low. (-10% MP) [potion of mutation]
  3525 | D:4      | Lost mutation: You have sharp fingernails. [potion of mutation]
  3525 | D:4      | Gained mutation: You are agile. (Dex +2) [potion of mutation]
  3525 | D:4      | Gained mutation: You are frail. (-10% HP) [potion of mutation]
  3525 | D:4      | Lost mutation: You are agile. (Dex +2) [potion of mutation]
  3525 | D:4      | Gained mutation: You are mostly covered in slimy green scales. (AC +3) [potion of mutation]
  3529 | D:4      | Killed Edmund
  3529 | D:4      | Reached skill level 7 in Axes
  3926 | D:4      | Found a shadowy altar of Dithmenos.
  4080 | D:4      | Reached XP level 7. HP: 55/55 MP: 7/7
  4567 | D:4      | Found a blossoming altar of Fedhas.
  4567 | D:4      | Found a hide-covered altar of Uskayaw.
  4890 | D:5      | Entered Level 5 of the Dungeon
  4906 | D:5      | Reached skill level 8 in Axes
  4907 | D:5      | Found a staircase to the Ecumenical Temple.
  5192 | D:5      | Noticed Grinder
  5203 | D:5      | Killed Grinder
  5203 | D:5      | Reached *** piety under Trog
  5203 | D:5      | Reached skill level 9 in Axes
  5203 | D:5      | Reached XP level 8. HP: 62/62 MP: 8/8
  5371 | D:5      | Noticed Buffagor's ghost (novice MiBe)
  5388 | D:5      | Killed Buffagor's ghost
  5388 | D:5      | Reached skill level 10 in Axes
  5676 | D:5      | Noticed Eustachio
  5691 | D:5      | Noticed Pikel
  5720 | D:5      | Killed Pikel
  5720 | D:5      | Reached skill level 11 in Axes
  5720 | D:5      | Reached skill level 2 in Armour
  5720 | D:5      | Reached XP level 9. HP: 67/70 MP: 9/9
  5723 | D:5      | Killed Eustachio
  5914 | D:5      | Noticed a hornet
  5922 | D:5      | Killed a hornet
  5922 | D:5      | Reached skill level 4 in Fighting
  6165 | D:6      | Reached skill level 3 in Armour
  6375 | D:6      | Got a coiled ruby amulet
  6382 | D:6      | Identified the amulet of Qennicis {rPois Regen+} (You found it on level 6 of the Dungeon)
  7053 | D:6      | Reached skill level 12 in Axes
  7062 | D:6      | Found the +8 storm bow {elec}
  7485 | D:7      | Reached skill level 1 in Bows
  7508 | D:7      | Found a shimmering altar of Xom.
  7586 | D:7      | HP: 18/72 [ice beast (14)]
  7593 | D:7      | Reached skill level 2 in Bows
  7704 | D:7      | Reached **** piety under Trog
  7817 | D:7      | Noticed a death knight
  7838 | D:7      | Killed a death knight
  7838 | D:7      | Reached skill level 5 in Bows
  7838 | D:7      | Reached XP level 10. HP: 36/78 MP: 10/10
  8072 | D:7      | Found a sparkling altar of Nemelex Xobeh.
  8384 | D:8      | Found a burning altar of Makhleb.
  8384 | D:8      | Found a radiant altar of Vehumet.
  8398 | D:8      | Found a shattered altar of Ashenzari.
  8399 | D:8      | Found a shimmering altar of Xom.
  8399 | D:8      | Found a glowing golden altar of the Shining One.
  8411 | D:8      | Reached skill level 6 in Bows
  8432 | D:8      | Noticed Grum
  8442 | D:8      | Killed Grum
  8458 | D:8      | Found Bojirel's Assorted Antiques.
  8478 | D:8      | Bought a scroll labeled SIBRYS VOSIGU for 19 gold pieces
  8478 | D:8      | Bought a scroll labeled RAGONKIRHU for 19 gold pieces
  8478 | D:8      | Bought a scroll labeled IBLOIMOMIFF for 19 gold pieces
  8478 | D:8      | Bought a scroll labeled SIBRYS VOSIGU for 19 gold pieces
  8478 | D:8      | Bought a fizzy puce potion for 17 gold pieces
  8488 | D:8      | Found a white marble altar of Elyvilon.
  8614 | D:8      | Found an opulent altar of Gozag.
  8661 | D:8      | Reached skill level 7 in Bows
  8961 | D:9      | Noticed pomescollege's ghost (novice DDFi)
  8992 | D:9      | Lost mutation: You are frail. (-10% HP) [potion of mutation]
  8992 | D:9      | Lost mutation: You are mostly covered in slimy green scales. (AC +3) [potion of mutation]
  8992 | D:9      | Gained mutation: You are agile. (Dex +2) [potion of mutation]
  8992 | D:9      | Gained mutation: You are frail. (-10% HP) [potion of mutation]
  8992 | D:9      | Gained mutation: You can exhale a cloud of poison. [potion of mutation]
  8992 | D:9      | Gained mutation: You are covered in fur. (AC +1) [potion of mutation]
  9017 | D:9      | Noticed a two-headed ogre
  9024 | D:9      | Killed a two-headed ogre
  9024 | D:9      | Reached skill level 8 in Bows
  9207 | D:9      | Found a flagged portal.
  9218 | Bailey   | Entered a bailey
  9237 | Bailey   | Reached skill level 9 in Bows
  9237 | Bailey   | Reached XP level 11. HP: 63/83 MP: 11/11
  9260 | Bailey   | Received a gift from Trog
  9370 | Bailey   | Reached ***** piety under Trog
  9487 | Bailey   | Noticed an orc knight
  9491 | Bailey   | Killed an orc knight
  9491 | Bailey   | Reached skill level 10 in Bows
  9714 | Bailey   | Noticed an orc warlord
  9721 | Bailey   | Reached skill level 8 in Armour
  9721 | Bailey   | Reached XP level 12. HP: 91/91 MP: 12/12
  9722 | Bailey   | Reached skill level 9 in Fighting
  9722 | Bailey   | Gained mutation: You can use your snake-like lower body to constrict enemies. [Naga growth]
  9722 | Bailey   | Reached XP level 13. HP: 109/109 MP: 13/13
  9739 | Bailey   | Killed an orc warlord
  9753 | Bailey   | HP: 15/109 [orc warrior/war axe (15)]
  9754 | Bailey   | Received a gift from Trog
 10050 | D:9      | Killed pomescollege's ghost
 10301 | D:9      | HP: 29/163 [titanic slime creature (81)]
 10306 | D:9      | Reached skill level 11 in Bows
 10306 | D:9      | HP: 24/163 [very large slime creature (5)]
 10314 | D:9      | HP: 22/109 [slime creature (7)]
 11173 | D:10     | Entered Level 10 of the Dungeon
 11239 | D:10     | Found a staircase to the Lair.
 11298 | D:10     | Reached skill level 12 in Bows
 11447 | D:10     | Noticed Joseph
 11461 | D:10     | Killed Joseph
 11759 | D:10     | Found a sparkling altar of Nemelex Xobeh.
 11886 | Lair:1   | Entered Level 1 of the Lair of Beasts
 12194 | Lair:1   | Received a gift from Trog
 12452 | Lair:1   | Reached skill level 13 in Bows
 12918 | Lair:1   | Identified 2 scrolls of acquirement
 12934 | Lair:1   | Got a polished naga barding
 12946 | Lair:1   | Identified the +3 naga barding of Calculation {+Inv rCorr Str+3 Int+4} (You acquired it on level 1 of the Lair of Beasts)
 13331 | Lair:2   | Reached XP level 14. HP: 117/117 MP: 14/14
 13469 | Lair:2   | Found a labyrinth entrance.
 13478 | Lab      | Entered a labyrinth
 13669 | Lab      | Got an ichor-stained cloak
 13676 | Lab      | Identified the +1 cloak of Kiun Fiq {rN+ Stlth+} (You found it in a labyrinth)
 13803 | Lair:2   | Reached skill level 14 in Bows
 14029 | Lair:2   | Received a gift from Trog
 14583 | Lair:3   | Noticed Sonja
 14743 | Lair:3   | Killed Sonja
 14900 | Lair:3   | Noticed Gastronok
 14912 | Lair:3   | Killed Gastronok
 14912 | Lair:3   | Reached skill level 15 in Bows
 15306 | Lair:4   | Got a polished large shield
 15307 | Lair:4   | Identified the +0 large shield of the Okapi {rF+ MR+ Dex+3} (You acquired it on level 4 of the Lair of Beasts)
 15370 | Lair:4   | Found a staircase to the Swamp.
 15484 | Lair:4   | Found a staircase to the Snake Pit.
 15523 | Lair:4   | Received a gift from Trog
 15568 | Lair:4   | Reached skill level 1 in Evocations
 15592 | Lair:4   | Reached skill level 2 in Evocations
 15621 | Lair:4   | Reached skill level 3 in Evocations
 16051 | Lair:4   | Reached skill level 4 in Evocations
 16592 | Lair:5   | Got a clouded silver amulet
 16606 | Lair:5   | Identified the amulet "Forget-Me-Not" {Harm *Drain Dex+4} (You found it on level 5 of the Lair of Beasts)
 16699 | Lair:5   | Got a warped cloak
 16703 | Lair:5   | Reached XP level 15. HP: 117/124 MP: 18/18
 16714 | Lair:5   | Identified the +4 cloak of Inevitability {rCorr Int+4 Stlth+} (You acquired it on level 5 of the Lair of Beasts)
 16914 | Lair:6   | Entered Level 6 of the Lair of Beasts
 16922 | Lair:6   | Reached skill level 5 in Evocations
 16983 | Lair:6   | HP: 28/124 [death yak (21)]
 16983 | Lair:6   | Demolished by a death yak

Skill      XL: |  1  2  3  4  5  6  7  8  9 10 11 12 13 14 15 |
---------------+----------------------------------------------+-----
Axes           | 4 5 6 7 9 11 12 | 12.5
Armour         | 2 3 8 |  8.4
Fighting       | 4 9 |  9.7
Bows           | 5 9 10 13 15 | 15.4
Evocations     | 4 5 |  5.5
Dodging        | |  1.5

Action                   |  1- 3 |  4- 6 |  7- 9 | 10-12 | 13-15 || total
-------------------------+-------+-------+-------+-------+-------++-------
Melee: Hand axe          |   109 |    77 |       |       |       ||   186
       War axe           |       |    55 |   285 |       |   471 ||   811
       Battleaxe         |       |       |       |   199 |    30 ||   229
       Constrict         |       |       |       |       |   106 ||   106
 Fire: Blowgun           |       |     7 |       |       |       ||     7
       Longbow           |       |       |    11 |    44 |   182 ||   237
Throw: Stone             |     3 |     1 |    13 |     1 |     4 ||    22
Invok: Berserk           |     4 |     3 |     8 |     3 |     6 ||    24
       Trog's Hand       |       |     1 |     1 |       |     2 ||     4
       Burn Spellbooks   |       |       |       |       |     3 ||     3
 Abil: Spit Poison       |     6 |     1 |     2 |       |       ||     9
       Breathe Poison Ga |       |       |       |     2 |     6 ||     8
Evoke: Wand              |       |       |       |       |     9 ||     9
  Use: Potion            |       |     3 |     1 |     3 |     2 ||     9
       Scroll            |       |       |       |    18 |    16 ||    34
 Stab: Distracted        |     1 |       |     1 |       |       ||     2
       Sleeping          |       |     1 |       |       |       ||     1
  Eat: Chunk             |     5 |     9 |    13 |     8 |    19 ||    54
       Ration            |       |       |     1 |     2 |     3 ||     6
Armor: Animal skin       |    31 |    35 |    39 |       |       ||   105
       Chain mail        |       |       |   123 |   139 |    14 ||   276
       Plate armour      |       |       |       |       |   572 ||   572
Dodge: Dodged            |    77 |    70 |   112 |    73 |   335 ||   667

Vault maps used:
D:1:      saegor_arrival_simple_c
D:2:      old_standard_altar, chequers_ecumenical_altar_simple_redux,
          serial_curves, eino_curves_04, eino_curves_04, first_ration
D:3:      serial_park_tiny_pond
D:4:      gammafunk_temple_overflow_pools, minmay_misc_feat_square,
          grunt_dithmenos_smoke_and_mirrors, uniq_edmund
D:5:      minmay_temple_entry_glassed_door, glass_columns_b, uniq_pikel,
          uniq_grinder, uniq_eustachio
D:7:      kennysheep_little_box, tgw_xom
D:8:      elyvilon_altar_5, grunt_temple_overflow_open,
          nicolae_overflow_hidden_temple, serial_shops, shop, uniq_grum
D:9:      mumra_celtic_spiral_tile, enter_bailey_2, hangedman_fish_farm,
          minmay_misc_feat_encased, stair_cage_line
D:10:     minmay_lair_entry_grove, lemuel_centaur_altar, uniq_joseph
Lair:1:   serial_bayou_pond_b, wad_woods_01, infiniplex_staircase_pool,
          grunt_megastairs_4
Lair:2:   lab_entry_generic, grunt_forest_stairs_basic, roderic_batcave,
          serial_bayou_shore_a, minmay_lair_oklob_chamber, lemuel_fruit_tree,
          serial_bayou_shore_b
Lair:3:   uniq_sonja, uniq_gastronok
Lair:4:   swamp_mist, guppyfry_snake_entry_island, special_room,
          grunt_forest_small_clearings, minivault_24
Lair:5:   grunt_megastairs_5
Lair:6:   evil_forest, slime_altar_1
Lab:      labyrinth_spiral, lab_block, nicolae_lab_do_over, nicolae_lab_plus,
          nicolae_lab_x, labyrinth_skeletal_remains, nicolae_lab_very_dead_end,
          nicolae_lab_flowing_pool
Bailey:   bailey_axe_minmay_hex_keep, bailey

Table legend:
 A = Turns spent in this place as a percentage of turns spent in the entire game.
 B = Non-inter-level travel turns spent in this place as a percentage of non-inter-level travel turns spent in the entire game.
 C = Inter-level travel turns spent in this place as a percentage of turns spent in this place.
 D = Turns resting spent in this place as a percentage of non-inter-level travel turns spent in this place.
 E = Turns spent auto-exploring this place as a percentage of non-inter-level travel turns spent in this place.
 F = Non-inter-level travel turns spent in this place divided by the number of levels of this place that you've seen.
                   A       B       C       D       E      F
               +-------+-------+-------+-------+-------+----------------------
         Total | 100.0 | 100.0 |   3.4 |  20.3 |  54.7 | 911.4
       Dungeon |  65.7 |  65.3 |   4.0 |  28.3 |  51.3 | 1071.8
          Lair |  28.8 |  29.0 |   2.7 |   2.7 |  71.6 | 793.5
     Labyrinth |   1.2 |   1.2 |   0.0 |   0.0 |   0.0 | 204.0
        Bailey |   4.3 |   4.4 |   0.0 |  23.4 |   8.2 | 722.0
               +-------+-------+-------+-------+-------+----------------------

Table legend:
 A = Kills in this place as a percentage of kills in entire the game.
 B = Kills by you in this place as a percentage of kills by you in the entire game.
 C = Kills by friends in this place as a percentage of kills by friends in the entire game.
 D = Other kills in this place as a percentage of other kills in the entire game.
 E = Experience gained in this place as a percentage of experience gained in the entire game.
 F = Experience gained in this place divided by the number of levels of this place that you have seen.
                   A       B       C       D       E      F
               +-------+-------+-------+-------+-------+----------------------
         Total | 100.0 | 100.0 |   N/A |   N/A | 100.0 | 3599.8
       Dungeon |  49.5 |  49.5 |   N/A |   N/A |  26.5 | 1714.9
          Lair |  35.2 |  35.2 |   N/A |   N/A |  64.8 | 6996.5
     Labyrinth |   1.0 |   1.0 |   N/A |   N/A |   2.0 | 1309.0
        Bailey |  14.3 |  14.3 |   N/A |   N/A |   6.7 | 4360.0
               +-------+-------+-------+-------+-------+----------------------
